 Dungeon Crawl Stone Soup version 0.18-a0-1071-g9f02aef (webtiles) character file.

4330 Reinor the Fighter (level 10, 0/93 HPs)
             Began as a Ghoul Monk on Jan 14, 2016.
             Was a Priest of Qazlal.
             Slain by a killer bee (1 damage)
             ... on level 8 of the Dungeon.
             The game lasted 00:34:48 (8324 turns).

Reinor the Fighter (Ghoul Monk)                     Turns: 8324, Time: 00:34:48

Health: 0/93       AC:  8    Str: 16    XL:     10   Next: 33%
Magic:  21/21      EV: 14    Int:  5    God:    Qazlal [***...]
Gold:   204        SH: 10    Dex: 14    Spells: 0 memorised, 9 levels left

rFire  . . .     SeeInvis .       - Unarmed
rCold  + . .     Gourm    .     d - +0 ring mail (curse)
rNeg   + + +     Faith    .     u - +0 buckler
rPois  ∞         Spirit   .     (no helmet)
rElec  .         Dismiss  .     (no cloak)
rCorr  .         Reflect  .     f - +1 pair of gloves
SustAt .         Harm     +     s - +0 pair of boots
MR     .....                    p - amulet of harm
Stlth  ..........               z - ring of loudness (curse)
                                l - ring of magical power

@: about to teleport, rotting, not resistant to hostile enchantments, extremely
unstealthy
A: rotting body, claws 1, carnivore 3, cold resistance 1, negative energy
resistance 3, slow regeneration 1, torment resistance, unbreathing
a: Upheaval, Elemental Force, Renounce Religion


You were on level 8 of the Dungeon.
You worshipped Qazlal.
Qazlal was most pleased with you.
You were not hungry.

You visited 2 branches of the dungeon, and saw 9 of its levels.

You collected 334 gold pieces.
You spent 130 gold pieces at shops.

Inventory:

Hand Weapons
 h - a +0 blowgun
Missiles
 n - a throwing net (quivered)
 o - 65 poisoned needles
Armour
 d - a cursed +0 ring mail (worn)
 f - a +1 pair of gloves (worn)
 s - a +0 pair of boots (worn)
 u - a +0 buckler (worn)
 A - a +0 scale mail
Jewellery
 e - a +4 ring of intelligence
 j - an uncursed ring of wizardry
 k - an uncursed ring of wizardry
 l - a ring of magical power (left hand)
 p - an amulet of harm (around neck)
 z - a cursed ring of loudness (right hand)
Wands
 B - a wand of flame (18/48)
 C - a wand of teleportation (0/9)
 D - a wand of fire (6/15)
Scrolls
 c - 3 scrolls of magic mapping
 i - a scroll of recharging
 m - 2 scrolls of identify
 q - a scroll of teleportation
 t - 3 scrolls of remove curse
 v - a scroll of immolation
 x - a scroll of fog
Potions
 a - 3 potions of magic
 r - a potion of curing
 w - a potion of brilliance
 E - a potion of might {unknown}
Books
 y - a book of Flames

   Spells                             Type                      Level
   a - Flame Tongue                   Conjuration/Fire             1
   b - Throw Flame                    Conjuration/Fire             2
   c - Conjure Flame                  Conjuration/Fire             3
   d - Inner Flame                    Hexes/Fire                   3
   e - Sticky Flame                   Conjuration/Fire             4
   f - Fireball                       Conjuration/Fire             5
Comestibles
 b - 4 meat rations
 g - 9 beef jerkies


   Skills:
 - Level 10.0 Fighting
 - Level 7.1 Dodging
 - Level 2.7 Stealth
 - Level 5.3 Shields
 + Level 7.9 Unarmed Combat
 - Level 4.4 Invocations
 - Level 0.3 Evocations


You had 9 spell levels left.
You didn't know any spells.

Dungeon Overview and Level Annotations

Branches:
Dungeon (8/15)             Temple (1/1) D:5
   Lair: D:8-11

Altars:
Ashenzari
Cheibriados
Dithmenos
Elyvilon
Gozag
Kikubaaqudgha
Nemelex Xobeh
Okawaru
Pakellas
Qazlal
Ru
Trog
Vehumet
Xom
Zin
The Shining One

Shops:
D:5 ?

Annotations:
D:1 Crazy Yiuf


Innate Abilities, Weirdness & Mutations

Your body is rotting away.
You thrive on raw meat.
You are immune to poison.
You have sharp fingernails.
You are carnivorous and can eat meat at any time.
Your flesh is cold resistant.
You are immune to negative energy.
You regenerate slowly when monsters are visible.
You are immune to unholy pain and torment.
You can survive without breathing.


Message History

Something hits you.
* * * LOW HITPOINT WARNING * * *
Something shocks you.
* * * LOW HITPOINT WARNING * * *
Drink which item? (? for menu, Esc to quit)
Your magic is already full.
Drink which item? (? for menu, Esc to quit)
You feel better. The killer bee stings you.
* * * LOW HITPOINT WARNING * * *
The killer bee closely misses you. You block the killer bee's attack.
The killer bee barely misses you. Something hits you but does no damage.
You miss the killer bee.
The killer bee is almost dead.
You block the killer bee's attack. The killer bee barely misses you. x2
Something hits you.
* * * LOW HITPOINT WARNING * * *
Something shocks you.
* * * LOW HITPOINT WARNING * * *
The killer bee stings you.
You die...

..................###..#
.##.......%...[...# .
......#####.......#
......#####.......#
......>...........#
..........##....###
.......##.......†#
...............#y#
...............#@#
.......#.......y{§.....#
.[.....#.............###
........................
...................#####
.#..(#...<..........
.#.....#...........#.
.##.##........>....##.
.##†# ....


You could see 2 killer bees.

Vanquished Creatures
  The ghost of WhatIsLove the Ducker, a novice DsWn of Cheibriados (D:6)
  A hill giant (D:7)
  Pikel (D:6)
  Grinder (D:6)
  A hungry ghost (D:5)
  3 slaves (D:6)
  4 ogres
  3 centaurs (D:6)
  A big kobold (D:7)
  2 giant frogs (D:8)
  A scorpion (D:5)
  5 killer bees
  8 wights
  5 crimson imps
  A quasit (D:5)
  4 hounds
  2 jellies
  A centaur skeleton (D:5)
  5 orc priests
  7 orc wizards
  A giant frog skeleton (D:5)
  Natasha (thrice) (D:2)
  An iguana (D:7)
  2 worker ants
  A worker ant zombie (D:6)
  6 adders
  An ooze (D:1)
  2 adder zombies
  2 adder skeletons (D:5)
  4 worms
  7 giant geckos
  32 orcs
  7 bats
  7 giant cockroaches
  4 hobgoblins
  14 jackals
  16 kobolds
  5 quokkas
  2 ball pythons
  A giant gecko skeleton (D:4)
  A giant gecko zombie (D:5)
  11 giant newts
  11 goblins
  9 rats
207 creatures vanquished.

Vanquished Creatures (others)
  2 orcs
2 creatures vanquished.

Grand Total: 209 creatures vanquished

Notes
Turn   | Place    | Note
--------------------------------------------------------------
     0 | D:1      | Reinor the Ghoul Monk began the quest for the Orb.
     0 | D:1      | Reached XP level 1. HP: 19/19 MP: 0/0
    18 | D:1      | Reached XP level 2. HP: 17/26 MP: 1/1
   313 | D:1      | Reached skill level 5 in Unarmed Combat
   362 | D:1      | Found a shimmering altar of Xom.
   415 | D:1      | Reached XP level 3. HP: 28/31 MP: 2/2
   710 | D:2      | Noticed Natasha
   720 | D:2      | Reached XP level 4. HP: 38/38 MP: 3/3
   730 | D:2      | Killed Natasha
  1160 | D:2      | Noticed Natasha
  1170 | D:2      | Killed Natasha
  1179 | D:2      | Reached XP level 5. HP: 23/45 MP: 4/4
  1285 | D:2      | Found an iron altar of Okawaru.
  1303 | D:2      | Reached skill level 6 in Unarmed Combat
  1443 | D:2      | Noticed Natasha
  1463 | D:2      | Killed Natasha
  1670 | D:2      | Noticed Crazy Yiuf
  1998 | D:3      | Found a sacrificial altar of Ru.
  2542 | D:3      | Found a shattered altar of Ashenzari.
  2791 | D:4      | Reached XP level 6. HP: 41/51 MP: 5/5
  3207 | D:4      | HP: 1/51 [orc priest/divine providence (11)]
  3213 | D:4      | Reached skill level 5 in Dodging
  3570 | D:4      | Found a bloodstained altar of Trog.
  3619 | D:5      | Entered Level 5 of the Dungeon
  3642 | D:5      | Found Laufyor's Magic Scroll Boutique.
  3650 | D:5      | Bought a scroll of noise for 13 gold pieces
  3650 | D:5      | Bought a scroll of teleportation for 39 gold pieces
  3650 | D:5      | Bought a scroll of identify for 26 gold pieces
  3650 | D:5      | Bought a scroll of identify for 26 gold pieces
  3650 | D:5      | Bought a scroll of identify for 26 gold pieces
  3705 | D:5      | Reached XP level 7. HP: 10/57 MP: 6/6
  3970 | D:5      | Found an ancient bone altar of Kikubaaqudgha.
  4166 | D:5      | Found a staircase to the Ecumenical Temple.
  4182 | Temple   | Entered the Ecumenical Temple
  4194 | Temple   | Became a worshipper of Qazlal Stormbringer
  4194 | Temple   | Reached * piety under Qazlal
  4194 | Temple   | Reached ** piety under Qazlal
  4365 | D:5      | Found a stormy altar of Qazlal.
  4422 | D:5      | Found a shadowy altar of Dithmenos.
  4475 | D:5      | Noticed a hungry ghost
  4720 | D:5      | Killed a hungry ghost
  4720 | D:5      | Reached skill level 7 in Dodging
  4823 | D:5      | Reached skill level 1 in Shields
  4972 | D:6      | Noticed Pikel
  4985 | D:6      | Reached XP level 8. HP: 39/62 MP: 7/7
  5231 | D:6      | Killed Pikel
  5231 | D:6      | Reached skill level 5 in Shields
  5614 | D:6      | Reached skill level 5 in Fighting
  5661 | D:6      | Noticed WhatIsLove's ghost (novice DsWn)
  5696 | D:6      | Noticed Grinder
  5716 | D:6      | Killed Grinder
  5716 | D:6      | Reached XP level 9. HP: 65/78 MP: 8/8
  6131 | D:6      | Reached skill level 8 in Fighting
  6458 | D:6      | Reached *** piety under Qazlal
  6496 | D:6      | Found a white marble altar of Elyvilon.
  6633 | D:6      | Killed WhatIsLove's ghost
  6633 | D:6      | Reached skill level 9 in Fighting
  6911 | D:7      | Noticed a hill giant
  6928 | D:7      | Killed a hill giant
  6928 | D:7      | Reached XP level 10. HP: 19/93 MP: 12/12
  7147 | D:7      | Reached skill level 10 in Fighting
  8322 | D:8      | HP: 4/93 [something (6)]
  8324 | D:8      | HP: 1/93 [something (7)]
  8324 | D:8      | Slain by a killer bee

Vault maps used:
D:1:      scummos_arrival_hexagon, xom_teletrap_fun
D:2:      mumra_celtic_spiral_tile, okawaru_altar_gauntlet_db,
          uniq_crazy_yiuf_cottage, uniq_natasha
D:3:      hangedman_ru_absence, old_standard_altar
D:4:      bloody_trog, first_bread
D:5:      kennysheep_mini_moat, kiku_gazebo_garden_becter,
          minmay_temple_entry_butterflies, basic_altar, serial_shops,
          nicolae_shop_crystal, corexii_leaking_fountain, minivault_1,
          kennysheep_windowed_goal
D:6:      basic_altar, minmay_stone_trees_medium, uniq_grinder, uniq_pikel
D:7:      grunt_ogre_cave
D:8:      elyvilon_altar_4, lemuel_doored_altar
Temple:   circular_temple_12

Action                   |  1- 3 |  4- 6 |  7- 9 | 10-12 || total
-------------------------+-------+-------+-------+-------++-------
Melee: Unarmed           |    89 |   258 |   373 |   174 ||   894
 Fire: Blowgun           |       |     4 |       |       ||     4
Throw: Stone             |       |     1 |       |       ||     1
Evoke: Wand              |       |       |     6 |     1 ||     7
  Use: Scroll            |       |     5 |    10 |     1 ||    16
       Potion            |       |     4 |       |     1 ||     5
 Stab: Sleeping          |     3 |     3 |       |       ||     6
       Distracted        |       |     1 |       |       ||     1
  Eat: Chunk             |     3 |    19 |    17 |     9 ||    48
